 Dungeon Crawl Stone Soup version 0.27-a0-287-gd4424db430 (webtiles) character file.

Game seed: 14641411061981683237

4112 lunkers the Grappler (level 10, -1/94 HPs)
             Began as a Ghoul Gladiator on Feb 8, 2021.
             Was an Initiate of Gozag.
             Slain by a fire elemental (3 damage)
             ... summoned by a deep elf pyromancer
             ... on level 7 of the Dungeon.
             The game lasted 00:11:31 (8107 turns).

lunkers the Grappler (Ghoul Gladiator)              Turns: 8107, Time: 00:11:32

Health: -1/94      AC: 12    Str: 22    XL:     10   Next: 26%
Magic:  18/18      EV:  8    Int:  3    God:    Gozag
Gold:   779        SH:  0    Dex: 10    Spells: 9/9 levels left

rFire    + . .     SeeInvis .     - Unarmed
rCold    + + .     Faith    .   (no shield)
rNeg     + + +     Spirit   .   E - +2 chain mail {Will+}
rPois    ∞         Reflect  .   b - +0 helmet
rElec    +         Harm     .   (no cloak)
rCorr    +         Rampage  .   (no gloves)
Will     +....                  v - +0 pair of boots
Stlth    ..........             C - amulet of regeneration
HPRegen  0.00/turn              g - ring of magical power
MPRegen  0.16/turn              (no ring)

@: liquid flames, resistant, glowing
A: claws 1, cold resistance 1, negative energy resistance 3, inhibited
regeneration, torment resistance, unbreathing
a: Renounce Religion, Potion Petition, Call Merchant, Bribe Branch


You were on level 7 of the Dungeon.
You worshipped Gozag.
Gozag was pleased with you.
You visited 1 branch of the dungeon, and saw 7 of its levels.
You also visited: Sewer and Ossuary.

You collected 1457 gold pieces.
You spent 573 gold pieces at shops.
You paid 105 gold pieces to Gozag.

Inventory:

Missiles
 c - 3 throwing nets (quivered) {=f}
 h - 11 javelins
 k - 195 stones
 H - a curare-tipped dart
 K - 4 boomerangs
Armour
 b - a +0 helmet (worn)
 v - a +0 pair of boots (worn)
 E - a +2 chain mail of willpower (worn)
Jewellery
 g - a ring of magical power (left claw)
 q - an uncursed ring of flight {unknown}
 C - an amulet of regeneration (around neck)
Wands
 y - a wand of acid (9)
 A - a wand of iceblast (6)
Scrolls
 d - 5 scrolls of remove curse
 f - 5 scrolls of enchant weapon {unknown}
 i - 3 scrolls of noise {unknown}
 j - 8 scrolls of teleportation {unknown}
 m - 3 scrolls of blinking {unknown}
 o - 4 scrolls of random uselessness {unknown}
 s - 6 scrolls of fear {unknown}
 t - 3 scrolls of immolation {unknown}
 u - 2 scrolls of amnesia {unknown}
 B - a scroll of enchant armour {unknown}
 D - a scroll of brand weapon {unknown}
 G - a scroll of fog {unknown}
 I - 5 scrolls of magic mapping {unknown}
Potions
 a - 2 potions of flight {unknown}
 e - 8 potions of curing
 n - 4 potions of mutation
 p - 3 potions of might
 r - 4 potions of haste
 w - a potion of lignification {unknown}
 x - 2 potions of brilliance {unknown}
 z - a potion of heal wounds {unknown}
 F - 4 potions of magic {unknown}
 J - a potion of invisibility {unknown}
 L - a potion of attraction {unknown}


   Skills:
 + Level 10.9 Fighting
 - Level 1.7 Throwing
 - Level 2.6 Dodging
 - Level 12.0 Unarmed Combat


You had 9 spell levels left.
You didn't know any spells.
Your spell library was empty.

Dungeon Overview and Level Annotations

Branches:
Dungeon (7/15)             Temple (0/1) D:6           Sewer (visited)
Ossuary (visited)

Altars:
Ashenzari
Cheibriados
Elyvilon
Gozag
Hepliaklqana
Kikubaaqudgha
Okawaru
Qazlal
Uskayaw
Wu Jian
Xom
Yredelemnul
The Shining One

Shops:
D:5 [**(


Innate Abilities, Weirdness & Mutations

You thrive by killing the living.
You are immune to poison.
You have sharp fingernails.
Your flesh is cold resistant. (rC+)
You are immune to negative energy. (rN+++)
You do not regenerate when monsters are visible.
You are immune to unholy pain and torment.
You can survive without breathing.


Message History

The fire elemental hits you.
* * * LOW HITPOINT WARNING * * *
The fire elemental burns you! You resist.
* * * LOW HITPOINT WARNING * * *
The fire elemental hits you. The fire elemental burns you! You resist.
* * * LOW HITPOINT WARNING * * *
The deep elf pyromancer points at you and mumbles some strange words.
The bolt of fire hits you. You resist.
* * * LOW HITPOINT WARNING * * *
The bolt of fire hits the fire elemental.
The fire elemental completely resists.
You barely miss the deep elf pyromancer.
The deep elf pyromancer is heavily wounded.
You are covered in liquid flames!
* * * LOW HITPOINT WARNING * * *
The fire elemental hits you. The fire elemental burns you! You resist.
* * * LOW HITPOINT WARNING * * *
The fire elemental hits you. The fire elemental burns you! You resist.
You die...
Your body crumbles into a pile of gold.

....##.##....#..##..#..###.##
...##..#.....#.[#..###..#...#####
...##........[.[#...#............
##..........|..#<.............###
.............................##
##..........................##
##..........#####...........#
#...........#...#...........#
###.........#._e@E8.........# #
##........#..E#...........#
..........#####..........##
##...#...........)...#....##
##.###.............####..##
##...#........>......#####
....................##
#..#.#...........####
#.##..............#


You could see a deep elf pyromancer and 2 fire elementals.

Vanquished Creatures
  Sigmund (D:4)
  Edmund (D:4)
  3 orc warriors (D:7)
  2 sky beasts
  A black bear (D:7)
  A necrophage (D:7)
  5 ogres
  3 centaurs
  2 kobold brigands (Sewer)
  3 bullfrogs
  An elf skeleton (D:7)
  16 scorpions
  A howler monkey (D:7)
  2 bullfrog zombies
  3 centaur zombies (Ossuary)
  A quasit (D:7)
  A jelly (D:6)
  3 hounds
  5 orc priests
  2 human zombies (D:7)
  4 gnoll shamans (D:7)
  An iguana (D:4)
  A human skeleton (D:7)
  7 orc wizards
  2 worker ants
  A hound zombie (D:7)
  3 mummies (Ossuary)
  A worker ant zombie (D:5)
  6 scorpion zombies (Ossuary)
  7 gnolls (D:7)
  10 adders
  3 river rats (Sewer)
  2 shadow imps (D:7)
  A white imp (D:6)
  4 oozes (Sewer)
  3 worms
  2 dart slugs
  5 leopard geckos
  29 orcs
  9 giant cockroaches
  3 goblins
  6 hobgoblins
  3 jackals (D:4)
  7 kobolds
  7 quokkas
  4 ball pythons (Sewer)
  7 bats
  7 frilled lizards
  2 gnoll zombies (Ossuary)
  A goblin zombie (Ossuary)
  4 hobgoblin zombies (Ossuary)
  A jackal skeleton (D:4)
  2 kobold zombies (Ossuary)
  An orc skeleton (D:7)
  5 orc zombies
  8 rats
226 creatures vanquished.

Vanquished Creatures (others)
  11 plants (D:7)
11 creatures vanquished.

Grand Total: 237 creatures vanquished

Notes
Turn   | Place    | Note
-------+----------+-------------------------------------------
     0 | D:1      | lunkers the Ghoul Gladiator began the quest for the Orb.
     0 | D:1      | Reached XP level 1. HP: 17/17 MP: 0/0
   281 | D:1      | Reached XP level 2. HP: 25/25 MP: 1/1
   877 | D:1      | Reached skill level 4 in Unarmed Combat
  1316 | D:2      | Reached XP level 3. HP: 30/30 MP: 2/2
  2178 | D:3      | Reached XP level 4. HP: 38/38 MP: 3/3
  2217 | D:3      | Reached skill level 5 in Unarmed Combat
  2326 | D:3      | Found a white marble altar of Elyvilon.
  2345 | D:3      | Reached XP level 5. HP: 37/45 MP: 4/4
  3098 | D:4      | Reached skill level 6 in Unarmed Combat
  3098 | D:4      | Reached XP level 6. HP: 48/52 MP: 5/5
  3165 | D:4      | Found a stormy altar of Qazlal.
  3257 | D:4      | Noticed Sigmund
  3272 | D:4      | Killed Sigmund
  3273 | D:4      | Reached skill level 7 in Unarmed Combat
  3273 | D:4      | Reached XP level 7. HP: 41/60 MP: 6/6
  3371 | D:4      | Noticed Edmund
  3382 | D:4      | Killed Edmund
  3383 | D:4      | Reached skill level 5 in Fighting
  3529 | D:4      | Reached skill level 8 in Unarmed Combat
  3894 | D:4      | Found a hide-covered altar of Uskayaw.
  3894 | D:4      | Found a broken altar of Ashenzari.
  3894 | D:4      | Found a shimmering altar of Xom.
  3894 | D:4      | Found an opulent altar of Gozag.
  3900 | D:4      | Found an ancient bone altar of Kikubaaqudgha.
  3900 | D:4      | Found an iron altar of Okawaru.
  3919 | D:4      | Became a worshipper of Gozag Ym Sagoz the Greedy
  4128 | D:5      | Entered Level 5 of the Dungeon
  4138 | D:5      | Found Igochaz's General Store.
  4143 | D:5      | Bought a +0 pair of boots for 58 gold pieces
  4178 | D:5      | Reached XP level 8. HP: 70/70 MP: 7/7
  4238 | D:5      | Found Kyn Ynil's Weapon Shop.
  4307 | D:5      | Found Uthreb's Weapon Shop.
  4879 | D:5      | Found Qote Bo Dot's Assorted Antiques.
  4937 | D:5      | Reached skill level 9 in Unarmed Combat
  4946 | D:5      | Found Ogosec's Armour Emporium.
  5033 | D:5      | Bought a +2 chain mail of willpower for 279 gold pieces
  5236 | D:6      | Found a hazy altar of Hepliaklqana.
  5241 | D:6      | Found a glowing drain.
  5331 | Sewer    | Entered a sewer
  5760 | D:6      | Reached skill level 10 in Unarmed Combat
  6150 | D:6      | Found a staircase to the Ecumenical Temple.
  6269 | D:6      | Found a glowing golden altar of the Shining One.
  6529 | D:5      | Bought a scroll labelled MUACOED DIFI for 31 gold pieces
  6529 | D:5      | Bought a silvery potion for 27 gold pieces
  6529 | D:5      | Bought a scroll labelled RIT IMORYA for 31 gold pieces
  6529 | D:5      | Bought a scroll labelled QUSARA LEJUIS for 31 gold pieces
  6529 | D:5      | Bought a silvery potion for 27 gold pieces
  6529 | D:5      | Bought a scroll labelled COXO ROOMMIFRE for 31 gold pieces
  6529 | D:5      | Bought a scroll labelled COXO ROOMMIFRE for 31 gold pieces
  6529 | D:5      | Bought an inky potion for 27 gold pieces
  6594 | D:7      | Reached XP level 9. HP: 75/79 MP: 8/8
  6758 | D:7      | Reached skill level 11 in Unarmed Combat
  6787 | D:7      | Found a sand-covered staircase.
  6796 | Ossuary  | Entered an ossuary
  7170 | Ossuary  | Reached skill level 12 in Unarmed Combat
  7412 | D:7      | Reached XP level 10. HP: 80/91 MP: 9/9
  7566 | D:7      | Reached skill level 10 in Fighting
  7885 | D:7      | Found a snail-covered altar of Cheibriados.
  8033 | D:7      | Found a glowing golden altar of the Shining One.
  8035 | D:7      | Noticed an angel
  8069 | D:7      | Found a basalt altar of Yredelemnul.
  8072 | D:7      | Noticed a profane servitor
  8099 | D:7      | Found an ornate altar of the Wu Jian Council.
  8099 | D:7      | Noticed a deep elf pyromancer
  8107 | D:7      | HP: 2/94 [fire elemental[a deep elf pyromancer] (7)]
  8107 | D:7      | Slain by a fire elemental

Illustrated notes

Levels and vault maps discovered:
D:1:      amcnicky_arrival_blooded_trapdoor, layout_loops_corners,
          corexii_hall_statues_s, minmay_cupped
D:2:      layout_basic, grunt_decor_one_mirror, grunt_decor_arrowhead
D:3:      layout_basic, elyvilon_altar_5
D:4:      layout_loops_ring, minmay_overflow_temple_hex, marbit_many_paths,
          sigmund_edmund_badplayer
D:5:      layout_loops_ring, serial_shops, shop, kennysheep_mini_moat,
          shop_statue, shop, shop
D:6:      layout_loops_ring, nzn_hepliaklqana_mist_gate,
          minmay_temple_entry_glassed_door, basic_altar, gup_sewer_entry_glass
D:7:      kennysheep_seaside_town, layout_cave_pools,
          grunt_temple_overflow_holy_war, slow_altar_2,
          nicolae_ossuary_entry_catacombs, david_defended_altar_elf

Skill      XL: |  1  2  3  4  5  6  7  8  9 10 |
---------------+-------------------------------+-----
Unarmed Combat | 4 5 6 7 8 10 12 | 12.0
Fighting       | 3 4 5 7 9 10 | 10.9
Throwing       | |  1.7
Dodging        | |  2.6

Action                   |  1- 3 |  4- 6 |  7- 9 | 10-12 || total
-------------------------+-------+-------+-------+-------++-------
Melee: Unarmed           |    84 |    89 |   449 |    67 ||   689
       Punch             |       |       |    16 |     2 ||    18
Throw: Dart              |    79 |    40 |    37 |     4 ||   160
  Use: Scroll            |       |     5 |     2 |       ||     7
       Potion            |       |       |       |     1 ||     1
 Stab: Distracted        |       |       |       |     1 ||     1
Armor: Leather armour    |    11 |       |       |       ||    11
       Ring mail         |    11 |    21 |       |       ||    32
       Chain mail        |       |     8 |   171 |    29 ||   208
Dodge: Dodged            |    55 |    39 |   139 |    20 ||   253

Table legend: (Time is in decaauts)
 A = Elapsed time spent in this place.
 B = Non-inter-level travel time spent in this place.
 C = Inter-level travel time spent in this place.
 D = Time resting spent in this place.
 E = Time spent auto-exploring this place.
 F = Levels seen in this place.
 G = Mean time per level.
                   A        B        C        D        E       F      G
               +--------+--------+--------+--------+--------+-----+--------+
         Total |   8040 |   7777 |    263 |      0 |   6256 |   9 |  893.3 |
       Dungeon |   7248 |   6985 |    263 |      0 |   5800 |   7 | 1035.4 |
         Sewer |    361 |    361 |      0 |      0 |    225 |   1 |  361.0 |
       Ossuary |    430 |    430 |      0 |      0 |    230 |   1 |  430.0 |
               +--------+--------+--------+--------+--------+-----+--------+

Top non-repeatable levels by time:
     D:4: 1175 daAuts
     D:5: 1140 daAuts
     D:3: 1105 daAuts
     D:1: 1053 daAuts
     D:7: 1039 daAuts
     D:6: 979 daAuts
     D:2: 755 daAuts
 Ossuary: 430 daAuts
   Sewer: 361 daAuts
